AAA
EVANSVILLE TRIPLETS @ TACOMA RAINIERS
07/13/2052
 
TOP OF THE 1ST
Round Rock Express batting - Pitching for Evansville Triplets : RHP Nick Moffat
Pitching: RHP Nick Moffat
Batting: LHB Maurice Grayson 0-0: Called Strike
0-1: Called Strike
0-2: Ball
1-2: Fly out, F8 (Flyball, 89D, EV 105.0 MPH)
Batting: LHB Dan Borki 0-0: Ball
1-0: Fly out, F8 (Flyball, 89D, EV 86.2 MPH)
Batting: RHB Kent Barron 0-0: Ground out 4-3 (Groundball, 4, EV 83.8 MPH)
Top of the 1st over - 0 runs, 0 hits, 0 errors, 0 left on base; Round Rock 0 - Evansville 0
BOTTOM OF THE 1ST
Evansville Triplets batting - Pitching for Round Rock Express : RHP Justin Jackson
Pitching: RHP Justin Jackson
Batting: LHB Curt Lemley 0-0: Ball
1-0: Fly out, F7 (Flyball, 78S, EV 89.4 MPH)
Batting: RHB George Stahl 0-0: Called Strike
0-1: Ball
1-1: Swinging Strike
1-2: Fly out, F6 (Line Drive, 6, EV 72.5 MPH)
Batting: LHB Franklin Esperanta 0-0: Ball
1-0: Ball
2-0: Called Strike
2-1: Ground out 1-3 (Groundball, P, EV 68.1 MPH)
Bottom of the 1st over - 0 runs, 0 hits, 0 errors, 0 left on base; Round Rock 0 - Evansville 0
TOP OF THE 2ND
Round Rock Express batting - Pitching for Evansville Triplets : RHP Nick Moffat
Batting: LHB Jose Florez 0-0: Ball
1-0: SINGLE (Groundball, 34D, EV 111.2 MPH)
Batting: LHB Alex Young 0-0: Ball
1-0: Ball
2-0: Fielders Choice at 2nd, 4-6 (Groundball, 4, EV 81.2 MPH)
Batting: SHB Tyler DiPrima 0-0: SINGLE (Groundball, 34D, EV 99.4 MPH)
Alex Young to second
Runner from 2nd tries for 3rd, SAFE, throw by RF made to third
Batting: RHB Carlos Moran 0-0: Ball
1-0: Swinging Strike
1-1: Grounds into double play, 4-6-3 (Groundball, 4, EV 103.1 MPH)
Top of the 2nd over - 0 runs, 2 hits, 0 errors, 1 left on base; Round Rock 0 - Evansville 0
BOTTOM OF THE 2ND
Evansville Triplets batting - Pitching for Round Rock Express : RHP Justin Jackson
Batting: RHB Paul Crowder 0-0: Ball
1-0: Called Strike
1-1: Foul Ball, location: 2F
1-2: Ball
2-2: Foul Ball, location: 2F
2-2: Strikes out swinging
Batting: SHB Macario Flores 0-0: Called Strike
0-1: Swinging Strike
0-2: Foul Ball, location: 2F
0-2: Ball
1-2: Ground out 5-3 (Groundball, 5, EV 103.1 MPH)
Batting: RHB Joel Hodgson 0-0: Ball
1-0: Called Strike
1-1: DOUBLE (Line Drive, 9LS, EV 91.2 MPH)
Batting: RHB Luc Bassano 0-0: Ball
1-0: SINGLE (Groundball, 6M, EV 91.2 MPH) (infield hit)
Joel Hodgson to third
Batting: RHB Danny Caballero 0-0: Swinging Strike
0-1: Called Strike
0-2: Ball
1-2: Strikes out swinging
Bottom of the 2nd over - 0 runs, 2 hits, 0 errors, 2 left on base; Round Rock 0 - Evansville 0
TOP OF THE 3RD
Round Rock Express batting - Pitching for Evansville Triplets : RHP Nick Moffat
Batting: RHB Randy Patterson 0-0: Ball
1-0: Called Strike
1-1: Ball
2-1: Foul Ball, location: 2F
2-2: Ball
3-2: Strikes out swinging
Batting: LHB Chase Wood 0-0: Ball
1-0: Ball
2-0: SINGLE (Groundball, 34D, EV 103.8 MPH)
Batting: LHB Maurice Grayson 0-0: Ball
1-0: Grounds into double play, 1-6-3 (Groundball, P, EV 71.9 MPH)
Top of the 3rd over - 0 runs, 1 hit, 0 errors, 0 left on base; Round Rock 0 - Evansville 0
BOTTOM OF THE 3RD
Evansville Triplets batting - Pitching for Round Rock Express : RHP Justin Jackson
Batting: LHB Mark Koke 0-0: Called Strike
0-1: Ball
1-1: Called Strike
1-2: Ground out 6-3 (Groundball, 6D, EV 86.2 MPH)
Batting: LHB Curt Lemley 0-0: Ball
1-0: Swinging Strike
1-1: Swinging Strike
1-2: Strikes out swinging
Batting: RHB George Stahl 0-0: Ball
1-0: Ball
2-0: Ground out U3 (Groundball, 3, EV 86.9 MPH)
Bottom of the 3rd over - 0 runs, 0 hits, 0 errors, 0 left on base; Round Rock 0 - Evansville 0
TOP OF THE 4TH
Round Rock Express batting - Pitching for Evansville Triplets : RHP Nick Moffat
Batting: LHB Dan Borki 0-0: Ground out 4-3 (Groundball, 4M, EV 104.4 MPH)
Batting: RHB Kent Barron 0-0: Ball
1-0: Ground out 4-3 (Groundball, 4M, EV 83.1 MPH)
Batting: LHB Jose Florez 0-0: Ball
1-0: Ball
2-0: Ball
3-0: Called Strike
3-1: Foul Ball, location: 2F
3-2: Strikes out swinging
Top of the 4th over - 0 runs, 0 hits, 0 errors, 0 left on base; Round Rock 0 - Evansville 0
BOTTOM OF THE 4TH
Evansville Triplets batting - Pitching for Round Rock Express : RHP Justin Jackson
Batting: LHB Franklin Esperanta 0-0: Ground out U3 (Groundball, 3, EV 108.1 MPH)
Batting: RHB Paul Crowder 0-0: Foul Ball, location: 2F
0-1: Called Strike
0-2: Ball
1-2: Strikes out swinging
Batting: SHB Macario Flores 0-0: Ball
1-0: Fly out, F8 (Flyball, 8LD, EV 93.8 MPH)
Bottom of the 4th over - 0 runs, 0 hits, 0 errors, 0 left on base; Round Rock 0 - Evansville 0
TOP OF THE 5TH
Round Rock Express batting - Pitching for Evansville Triplets : RHP Nick Moffat
Batting: LHB Alex Young 0-0: Ground out 4-3 (Groundball, 4, EV 86.2 MPH)
Batting: SHB Tyler DiPrima 0-0: Ball
1-0: Ball
2-0: Called Strike
2-1: Called Strike
2-2: Ball
3-2: Foul Ball, location: 2F
3-2: Base on Balls
Batting: RHB Carlos Moran 0-0: Ball
1-0: Called Strike
1-1: Ball
2-1: Fly out, F8 (Flyball, 8LXD, EV 93.1 MPH)
Batting: RHB Randy Patterson 0-0: Ball
1-0: DOUBLE (Line Drive, 5D, EV 100.6 MPH)
Tyler DiPrima to third
Runner from 3rd tries for Home, SAFE, no throw by LF
Batting: LHB Chase Wood 0-0: Called Strike
0-1: Ball
1-1: Foul Ball, location: 2F
1-2: Ball
2-2: Ball
3-2: Base on Balls
Batting: LHB Maurice Grayson 0-0: Ball
1-0: Foul Ball, location: 2F
1-1: Fielders Choice at 2nd, 6-4 (Groundball, 6, EV 81.2 MPH)
Top of the 5th over - 1 run, 1 hit, 0 errors, 2 left on base; Round Rock 1 - Evansville 0
BOTTOM OF THE 5TH
Evansville Triplets batting - Pitching for Round Rock Express : RHP Justin Jackson
Batting: RHB Joel Hodgson 0-0: Called Strike
0-1: Ball
1-1: Called Strike
1-2: Ball
2-2: Fly out, F8 (Flyball, 89M, EV 78.1 MPH)
Batting: RHB Luc Bassano 0-0: Ground out U3 (Groundball, 34, EV 80.0 MPH)
Batting: RHB Danny Caballero 0-0: Swinging Strike
0-1: Fly out, F7 (Flyball, 7D, EV 91.2 MPH)
Bottom of the 5th over - 0 runs, 0 hits, 0 errors, 0 left on base; Round Rock 1 - Evansville 0
TOP OF THE 6TH
Round Rock Express batting - Pitching for Evansville Triplets : RHP Nick Moffat
Batting: LHB Dan Borki 0-0: Ball
1-0: Ball
2-0: Swinging Strike
2-1: Foul Ball, location: 2F
2-2: Strikes out looking
Batting: RHB Kent Barron 0-0: Called Strike
0-1: SINGLE (Groundball, 56, EV 85.0 MPH) (infield hit)
Batting: LHB Jose Florez 0-0: Foul Ball, location: 2F
0-1: Ball
1-1: Called Strike
1-2: Ball
2-2: Ball
3-2: Base on Balls
Kent Barron to second
Batting: LHB Alex Young 0-0: Ball
1-0: Ball
2-0: Ball
3-0: Base on Balls
Kent Barron to third
Jose Florez to second
Batting: SHB Tyler DiPrima 0-0: Swinging Strike
0-1: Ball
1-1: Swinging Strike
1-2: Grounds into fielders choice U2 (Groundball, 2L, EV 70.6 MPH)
Jose Florez to third
Alex Young to second
Batting: RHB Carlos Moran 0-0: Called Strike
0-1: Ball
1-1: Swinging Strike
1-2: Strikes out swinging
Top of the 6th over - 0 runs, 1 hit, 0 errors, 3 left on base; Round Rock 1 - Evansville 0
BOTTOM OF THE 6TH
Evansville Triplets batting - Pitching for Round Rock Express : RHP Justin Jackson
Batting: LHB Mark Koke 0-0: Ball
1-0: Called Strike
1-1: Foul Ball, location: 2F
1-2: Ball
2-2: Foul Ball, location: 2F
2-2: Ball
3-2: Foul Ball, location: 2F
3-2: Foul Ball, location: 2F
3-2: Foul Ball, location: 2F
3-2: Ground out 6-3 (Groundball, 6, EV 84.4 MPH)
Batting: LHB Curt Lemley 0-0: Called Strike
0-1: Called Strike
0-2: Fly out, F9 (Flyball, 9LM, EV 85.6 MPH)
Batting: RHB George Stahl 0-0: Fly out, F9 (Flyball, 9D, EV 88.8 MPH)
Bottom of the 6th over - 0 runs, 0 hits, 0 errors, 0 left on base; Round Rock 1 - Evansville 0
TOP OF THE 7TH
Round Rock Express batting - Pitching for Evansville Triplets : RHP Nick Moffat
Batting: RHB Randy Patterson 0-0: Ball
1-0: Swinging Strike
1-1: Ball
2-1: Fly out, F7 (Flyball, 7, EV 84.4 MPH)
Batting: LHB Chase Wood 0-0: Ball
1-0: Foul Ball, location: 2F
1-1: Ball
2-1: Ball
3-1: SINGLE (Line Drive, 78S, EV 106.9 MPH)
Batting: LHB Maurice Grayson 0-0: Ball
1-0: Called Strike
1-1: Fly out, F6 (Line Drive, 6, EV 65.6 MPH)
Batting: LHB Dan Borki 0-0: Ball
1-0: Ball
2-0: Foul Ball, location: 2F
2-1: Swinging Strike
2-2: Foul Ball, location: 2F
2-2: Ball
3-2: Foul Ball, location: 2F
3-2: Foul Ball, location: 2F
3-2: Foul Ball, location: 2F
3-2: Foul Ball, location: 2F
3-2: Foul Ball, location: 2F
3-2: Base on Balls
Chase Wood to second
Pitching: RHP Chris Emory
Batting: RHB Kent Barron 0-0: Ball
1-0: Called Strike
1-1: Fielders Choice at 2nd, 6-4 (Groundball, 6, EV 109.4 MPH)
Top of the 7th over - 0 runs, 1 hit, 0 errors, 2 left on base; Round Rock 1 - Evansville 0
BOTTOM OF THE 7TH
Evansville Triplets batting - Pitching for Round Rock Express : RHP Justin Jackson
Batting: LHB Franklin Esperanta 0-0: Swinging Strike
0-1: SOLO HOME RUN (Flyball, 9D, EV 93.1 MPH), Distance : 353 ft
Batting: RHB Paul Crowder 0-0: Called Strike
0-1: DOUBLE (Line Drive, 89D, EV 106.2 MPH)
Batting: SHB Macario Flores 0-0: Ball
1-0: Swinging Strike
1-1: Ball
2-1: Foul Ball, location: 2F
2-2: Foul Ball, location: 2F
2-2: 2-RUN HOME RUN (Flyball, 89XD, EV 96.2 MPH), Distance : 400 ft
Batting: RHB Joel Hodgson 0-0: Ball
1-0: Ball
2-0: Called Strike
2-1: Fly out, F8 (Flyball, 8LD, EV 90.6 MPH)
Batting: RHB Luc Bassano 0-0: Called Strike
0-1: Ball
1-1: Ball
2-1: Foul Ball, location: 2F
2-2: Fly out, F4 (Popup, 4S, EV 81.9 MPH)
Batting: RHB Danny Caballero 0-0: Ball
1-0: Called Strike
1-1: Ball
2-1: Swinging Strike
2-2: SINGLE (Line Drive, 7S, EV 85.6 MPH)
Batting: LHB Mark Koke 0-0: Ball
1-0: Ball
2-0: Foul Ball, location: 2F
2-1: Called Strike
2-2: Foul Ball, location: 2F
2-2: Foul Ball, location: 2F
2-2: Strikes out swinging
Bottom of the 7th over - 3 runs, 4 hits, 0 errors, 1 left on base; Round Rock 1 - Evansville 3
TOP OF THE 8TH
Round Rock Express batting - Pitching for Evansville Triplets : RHP Chris Emory
Batting: LHB Jose Florez 0-0: Ball
1-0: SINGLE (Groundball, 34D, EV 100.6 MPH)
Batting: LHB Alex Young 0-0: Called Strike
0-1: Fly out, F7 (Flyball, 78M, EV 96.9 MPH)
Batting: SHB Tyler DiPrima 0-0: Ball
1-0: Swinging Strike
1-1: Ball
2-1: Swinging Strike
2-2: Strikes out swinging
Pinch Hitting: LHB Rocky McDaniel 0-0: Called Strike
0-1: DOUBLE (Line Drive, 5D, EV 98.8 MPH)
Jose Florez to third
Runner from 3rd tries for Home, SAFE, throw by LF to home
Batting: RHB Randy Patterson 0-0: Called Strike
0-1: Ball
1-1: Ball
2-1: Fly out, F8 (Line Drive, 8RM, EV 96.9 MPH)
Top of the 8th over - 1 run, 2 hits, 0 errors, 1 left on base; Round Rock 2 - Evansville 3
BOTTOM OF THE 8TH
Evansville Triplets batting - Pitching for Round Rock Express : RHP Justin Jackson
Now at SS: Alfredo Villamar
Batting: LHB Curt Lemley 0-0: Called Strike
0-1: Swinging Strike
0-2: Ball
1-2: Ball
2-2: Foul Ball, location: 2F
2-2: Strikes out swinging
Batting: RHB George Stahl 0-0: SOLO HOME RUN (Line Drive, 7D, EV 103.8 MPH), Distance : 382 ft
Batting: LHB Franklin Esperanta 0-0: SINGLE (Groundball, 4D, EV 99.4 MPH)
Pitching: RHP Joel Keller
Batting: RHB Paul Crowder 0-0: SINGLE (Line Drive, 6MD, EV 106.2 MPH)
Franklin Esperanta to second
Batting: SHB Macario Flores 0-0: Ball
1-0: Swinging Strike
1-1: Foul Ball, location: 2F
1-2: Strikes out swinging
Batting: RHB Joel Hodgson 0-0: Called Strike
0-1: SINGLE (Groundball, 6MD, EV 94.4 MPH)
Franklin Esperanta to third
Paul Crowder to second
Runner from 3rd tries for Home, throw by CF and OUT! 8-2
Bottom of the 8th over - 1 run, 4 hits, 0 errors, 2 left on base; Round Rock 2 - Evansville 4
TOP OF THE 9TH
Round Rock Express batting - Pitching for Evansville Triplets : RHP Chris Emory
Pitching: RHP Ben Kurzhals
Now at 1B: Andy Pitsch
Batting: LHB Chase Wood 0-0: Ball
1-0: Ball
2-0: Called Strike
2-1: Foul Ball, location: 2F
2-2: Ball
3-2: Base on Balls
Batting: LHB Maurice Grayson 0-0: Fielders Choice at 2nd, 5-4 (Groundball, 56, EV 85.6 MPH)
Batting: LHB Dan Borki 0-0: Fielders Choice at 2nd, 3-6 (Groundball, 3, EV 89.4 MPH)
Batting: RHB Kent Barron 0-0: Ball
1-0: Ground out 4-3 (Groundball, 4, EV 80.0 MPH)
Top of the 9th over - 0 runs, 0 hits, 0 errors, 1 left on base; Round Rock 2 - Evansville 4
Sunday, April 28th , 2024 - OOTP Baseball 24.11 Build 85